 Dungeon Crawl Stone Soup version 0.29.1-1-gd02db6906a (webtiles) character file.

Game seed: 6223286212122274252

49 safid the Shooter (level 3, -2/31 HPs)
             Began as a Minotaur Hunter on Oct 18, 2022.
             Killed from afar by Terence (4 damage)
             ... with a puff of flame
             ... on level 2 of the Dungeon.
             The game lasted 00:01:33 (1454 turns).

safid the Shooter (Minotaur Hunter)                 Turns: 1454, Time: 00:01:33

Health: -2/31      AC:  3    Str: 15    XL:     3   Next: 53%
Magic:  2/2        EV: 12    Int:  6    God:
Gold:   48         SH:  0    Dex: 15    Spells: 2/2 levels left

rFire   . . .      SeeInvis .   a - +0 shortbow
rCold   . . .      Faith    .   (shield currently unavailable)
rNeg    . . .      Spirit   .   c - +0 leather armour
rPois   .          Reflect  .   (helmet restricted)
rElec   .          Harm     .   (no cloak)
rCorr   .          Rampage  .   (no gloves)
Will    .....                   (no boots)
Stlth   +.........              (no amulet)
HPRegen 0.10/turn               (no ring)
MPRegen 0.08/turn               (no ring)

@: hasted, very quick
A: horns 2, retaliatory headbutt
a: no special abilities


You were on level 2 of the Dungeon.
You visited 1 branch of the dungeon, and saw 2 of its levels.

You collected 48 gold pieces.

Inventory:

Hand Weapons
 a - a +0 shortbow (weapon)
Missiles
 i - a throwing net
Armour
 c - a +0 leather armour (worn)
Scrolls
 b - 3 scrolls of immolation
 e - 5 scrolls of identify {unknown}
 f - a scroll of magic mapping {unknown}
 g - a scroll of vulnerability {unknown}
 k - a scroll of enchant armour {unknown}
Potions
 d - a potion of magic
 j - a potion of ambrosia {unknown}
 l - a potion of might


   Skills:
 - Level 3.0 Fighting
 + Level 5.6 Ranged Weapons
 - Level 2.1 Dodging
 - Level 0.7 Stealth


You had 2 spell levels left.
You didn't know any spells.
Your spell library was empty.

Dungeon Overview and Level Annotations

Branches:
Dungeon (2/15)

Altars:

Annotations:
D:2 Terence


Innate Abilities, Weirdness & Mutations

You have a pair of horns on your head.
You reflexively headbutt those who attack you in melee.


Message History

Terence hits you but does no damage.
You shoot an arrow.
The arrow hits Terence but does no damage.
Terence is moderately wounded.
Terence zaps a wand.
The puff of flame hits you.
Terence zaps a wand.
The puff of flame hits you.
You shoot an arrow. The arrow barely misses Terence.
Terence hits you with a +0 hand axe.
You shoot an arrow. The arrow barely misses Terence.
Terence zaps a wand.
The puff of flame misses you.
You shoot an arrow.
The arrow hits Terence but does no damage.
Terence is moderately wounded.
Terence zaps a wand.
The puff of flame hits you.
You are too injured to fight recklessly!
You are too injured to fight recklessly!
Unknown command.
Fire: a) +0 shortbow
Press: ? - help, Q - select action, (/) - cycle Shift-Dir - straight line, f/p - Terence
Aim: Terence, wielding a +0 hand axe, wearing a +2 chain mail of cold resistance and carrying a wand of flame (18) (moderately wounded, strong, 69% to hit)
You shoot an arrow.
The arrow hits Terence but does no damage.
Terence is moderately wounded.
Terence misses you. Terence hits you with a +0 hand axe.
* * * LOW HITPOINT WARNING * * *
Fire: a) +0 shortbow
Press: ? - help, Q - select action, (/) - cycle Shift-Dir - straight line, f/p - Terence
Aim: Terence, wielding a +0 hand axe, wearing a +2 chain mail of cold resistance and carrying a wand of flame (18) (moderately wounded, strong, 69% to hit)
You shoot an arrow. The arrow closely misses Terence.
Terence zaps a wand.
The puff of flame hits you!
* * * LOW HITPOINT WARNING * * *
Unknown command.
It was a potion of magic.
Magic courses through your body. Terence closely misses you.
It was a potion of haste.
You feel yourself speed up. Terence misses you. You furiously retaliate!
You headbutt Terence, but do no damage.
Unknown command.
Terence shouts, "DIE!!!"
Terence zaps a wand.
The puff of flame hits you.
You die...

###.##..##### #.###.#.....
.....#......###.#.........
.............##...#.......
........@................#
..............#.##...#...#
......).......#.##..##.###
.......................#
.......................#
.........@...>.........#
.............#....)....#
....##[.<..##.........#
#### ###........)..####
#.............##
#...............#
#...............#
#........(......#
..............#


You could see Terence (strong).

Vanquished Creatures
  An adder (D:2)
  3 endoplasms (D:1)
  A giant cockroach (D:2)
  3 goblins
  2 hobgoblins (D:1)
  6 jackals (D:1)
  2 quokkas (D:2)
  2 ball pythons
  7 frilled lizards
  7 kobolds
  4 rats
38 creatures vanquished.

Notes
Turn   | Place    | Note
-------+----------+-------------------------------------------
     0 | D:1      | safid the Minotaur Hunter began the quest for the Orb.
     0 | D:1      | Reached XP level 1. HP: 18/18 MP: 0/0
   197 | D:1      | Reached XP level 2. HP: 26/26 MP: 1/1
   619 | D:1      | Reached skill level 5 in Ranged Weapons
  1162 | D:2      | Reached XP level 3. HP: 31/31 MP: 2/2
  1431 | D:2      | Noticed Terence
  1443 | D:2      | HP: 1/31 [Terence/puff of flame (8)]
  1454 | D:2      | Killed from afar by Terence

Illustrated notes

Levels and vault maps discovered:
D:1:      lightli_arrival_statuegarden, layout_basic
D:2:      layout_rooms, uniq_terence

Skill      XL: |  1  2 |
---------------+-------+-----
Fighting       | 3 |  3.0
Ranged Weapons | 5 |  5.6
Dodging        | |  2.1
Stealth        | |  0.7

Action                   || total
-------------------------++-------
 Fire: Shortbow          ||    95
  Use: Potion            ||     2
Armor: Leather armour    ||     8
Dodge: Dodged            ||    32
